 Dungeon Crawl Stone Soup version 0.24.0-125-gc4c63601f3 (webtiles) character file.

Game seed: 16726964338810399025, levelgen mode: deterministic

255 Martska the Skirmisher (level 5, -6/43 HPs)
             Began as a Demonspawn Monk on Feb 22, 2020.
             Mangled by an orc
             ... wielding a +0 whip of electrocution
              (20 damage)
             ... on level 4 of the Dungeon.
             The game lasted 00:11:02 (5578 turns).

Martska the Skirmisher (Demonspawn Monk)            Turns: 5578, Time: 00:11:03

Health: -6/43      AC:  5    Str: 13    XL:     5   Next: 91%
Magic:  5/5        EV: 14    Int: 11    God:
Gold:   144        SH:  0    Dex: 15    Spells: 4/4 levels left

rFire    . . .     SeeInvis .     - Unarmed
rCold    . . .     Gourm    .   (no shield)
rNeg     . . .     Faith    .   d - +0 leather armour
rPois    .         Spirit   .   (helmet restricted)
rElec    .         Reflect  .   q - +0 cloak
rCorr    .         Harm     .   (no gloves)
MR       .....                  n - +0 pair of boots
Stlth    ++........             f - amulet of the acrobat
HPRegen  0.14/turn              (no ring)
MPRegen  0.09/turn              (no ring)

@: lethally poisoned (-6 -> -11), about to teleport, slowed, very slow
A: claws 1, horns 2
a: no special abilities


You were on level 4 of the Dungeon.
You were not hungry.

You visited 1 branch of the dungeon, and saw 4 of its levels.

You collected 144 gold pieces.

Inventory:

Missiles
 o - 102 stones (quivered)
Armour
 a - a +0 robe
 d - a +0 leather armour (worn)
 e - a -2 pair of gloves
 n - a +0 pair of boots (worn)
 q - a +0 cloak (worn)
 u - a +0 robe
Jewellery
 f - an amulet of the acrobat (around neck)
 i - a +3 ring of slaying
Wands
 t - a wand of flame (4)
Scrolls
 k - a scroll of remove curse
 m - 3 scrolls of teleportation
 r - 4 scrolls of magic mapping
 s - a scroll of identify
Potions
 c - 2 potions of curing
 h - a potion of berserk rage {unknown}
 j - 2 potions of ambrosia {unknown}
 l - a potion of invisibility {unknown}
 p - a potion of heal wounds {unknown}
 v - 2 potions of flight {unknown}
Comestibles
 b - 3 rations


   Skills:
 * Level 4.4 Fighting
 + Level 1.0 Armour
 * Level 4.0 Dodging
 - Level 1.7 Stealth
 * Level 4.0 Unarmed Combat
 + Level 0.5 Evocations


You had 4 spell levels left.
You didn't know any spells.
Your spell library was empty.

Dungeon Overview and Level Annotations

Branches:
Dungeon (4/15)
 Temple: D:4-7

Altars:

Annotations:
D:2 Terence


Innate Abilities, Weirdness & Mutations

You have sharp fingernails.
You have a pair of horns on your head.


Message History

The hound skeleton bites you but does no damage.
You scratch the hound skeleton.
The hound skeleton is heavily damaged.
The hound skeleton barely misses you. The orc closely misses you.
The orc wizard casts a spell at you.
You feel yourself slow down. The hound skeleton closely misses you.
You scratch the hound skeleton.
Your headbutt misses the hound skeleton.
The hound skeleton is severely damaged.
The orc hits you but does no damage.
You are electrocuted!
The hound skeleton misses you.
The orc wizard hits you but does no damage.
You are poisoned.
The orc hits you but does no damage.
You are electrocuted!
As you read the scroll of teleportation, it crumbles to dust.
You feel strangely unstable.
You feel sick. The hound skeleton misses you.
The orc wizard hits you but does no damage.
The orc hits you with a +0 whip of electrocution.
You are electrocuted!!
You die...

#.#.. ....# ....##
..#.# ##....##....#
#.........#.###
.##.........#...##
..............>....#
..#.#[..oZ..........#
....#...o@..........#
.......$.............#
#.##..#....)........##
.....................#
)....##.....#........#
##...##.....#........#
.$....#.....##......#
#........##.....##
#.[...##.###....#


You could see an orc wizard, an orc and a hound skeleton.

Vanquished Creatures
  Jessica (D:3)
  An iguana (D:4)
  An orc wizard (D:3)
  2 worker ants
  4 adders (D:2)
  An ooze (D:2)
  A worm (D:3)
  A dart slug (D:2)
  3 leopard geckos
  5 orcs
  4 giant cockroaches
  7 goblins
  10 hobgoblins
  2 jackals (D:1)
  A quokka (D:2)
  5 ball pythons
  9 bats
  3 frilled lizards
  9 kobolds
  10 rats
80 creatures vanquished.

Notes
Turn   | Place    | Note
-------+----------+-------------------------------------------
     0 | D:1      | Martska the Demonspawn Monk began the quest for the Orb.
     0 | D:1      | Reached XP level 1. HP: 18/18 MP: 1/1
   174 | D:1      | Gained mutation: You have a pair of small horns on your
                  | head. [demonic ancestry]
   174 | D:1      | Reached XP level 2. HP: 19/24 MP: 2/2
   427 | D:2      | Reached XP level 3. HP: 19/29 MP: 3/3
  1950 | D:1      | Gained mutation: You have a pair of horns on your head.
                  | [demonic ancestry]
  1950 | D:1      | Reached XP level 4. HP: 27/37 MP: 4/4
  3085 | D:2      | Noticed Terence
  4393 | D:3      | Gained mutation: You have sharp fingernails. [demonic
                  | ancestry]
  4393 | D:3      | Reached XP level 5. HP: 33/42 MP: 5/5
  4734 | D:3      | Noticed Jessica
  4743 | D:3      | Killed Jessica
  5569 | D:4      | Reached skill level 1 in Armour
  5578 | D:4      | Mangled by an orc

Levels and vault maps discovered:
D:1:      dpeg_arrival_short_road, layout_basic
D:2:      layout_basic, first_ration, uniq_terence
D:3:      layout_loops_cross, uniq_jessica
D:4:      layout_rooms, overflow_temple_1_default,
          gammafunk_temple_overflow_pools, nicolae_ossuary_entry_ruins,
          uniq_edmund

Skill      XL: |  1  2  3  4  5 |
---------------+----------------+-----
Dodging        | 3 4 |  4.0
Unarmed Combat | 3 4 |  4.0
Fighting       | 4 |  4.4
Armour         | 1 |  1.0
Stealth        | |  1.7
Evocations     | |  0.5

Action                   |  1- 3 |  4- 6 || total
-------------------------+-------+-------++-------
Melee: Unarmed           |   156 |   113 ||   269
       Headbutt          |    18 |    25 ||    43
       Punch             |     2 |     2 ||     4
Evoke: Wand              |       |    11 ||    11
  Use: Scroll            |     7 |     4 ||    11
 Stab: Sleeping          |     3 |     2 ||     5
  Eat: Ration            |     1 |     3 ||     4
       Chunk             |       |     1 ||     1
Armor: Robe              |    16 |     4 ||    20
       Leather armour    |       |     9 ||     9
Dodge: Dodged            |   107 |   107 ||   214
